 Dungeon Crawl Stone Soup version 0.31-a0-446-g07c4bd200f (webtiles) character file.

Game seed: 17418636569748795957

46 Ethylacetat the Insei (level 3, -1/20 HPs)
             Began as a Vine Stalker Monk on Aug 3, 2023.
             Slain by an orc
             ... wielding a +0 flail
              (3 damage)
             ... on level 3 of the Dungeon.
             The game lasted 00:01:42 (1160 turns).

Ethylacetat the Insei (Vine Stalker Monk)           Turns: 1160, Time: 00:01:44

Health: -1/20      AC:  4    Str: 13    XL:     3   Next: 66%
Magic:  0/4        EV: 12    Int: 10    God:
Gold:   114        SH:  0    Dex: 18    Spells: 2/2 levels left

rFire   . .          .
                       - Unarmed
rCold   . . .        c - orb {light}
rNeg    . . .        f - +1 leather armour {rPois}
rPois   +            (helmet currently unavailable)
rElec   .            (cloak currently unavailable)
rCorr   .            i - melded +2 pair of gloves
SInv    .            (boots currently unavailable)
Will    .....        (no amulet)
Stlth   +            (no ring)
HPRegen 0.23/turn    (no ring)
MPRegen 0.09/turn

%: guardian spirit
@: confused, beast-form, ambrosia-drunk, glowing
A: beast (slay +0), fangs 2, magic shield, antimagic bite, no potion heal 2
a: Begin Untransformation


You were on level 3 of the Dungeon.
You were a hulking beast.
You visited 1 branch of the dungeon, and saw 4 of its levels.

You collected 114 gold pieces.

Inventory:

Armour
 c - an orb of light (worn)
 f - a +1 leather armour of poison resistance (worn)
 i - a +2 pair of gloves (melded)
Talismans
 k - a beast talisman (active)
Scrolls
 d - a scroll of immolation {unknown}
 h - a scroll of identify {unknown}
 j - 2 scrolls of teleportation {unknown}
 l - a scroll of enchant weapon {unknown}
Potions
 a - a potion of heal wounds {unknown}
 e - a potion of haste {unknown}
 g - a potion of mutation {unknown}


   Skills:
 + Level 3.2 Fighting
 - Level 2.8 Dodging
 + Level 3.5 Unarmed Combat
 + Level 0.1 Spellcasting
 * Level 0.3 Shapeshifting


You had 2 spell levels left.
You didn't know any spells.
Your spell library contained the following spells:

 Spells                   Type           Power      Damage    Failure   Level
 Hailstorm                Conj/Ice       0%         3d3       82%         3
 Summon Ice Beast         Ice/Summ       0%         N/A       99%         4
 Simulacrum               Ice/Necr       0%         N/A       100%        6


Dungeon Overview and Level Annotations

Branches:
Dungeon (4/15)
 Temple: D:4-7

Altars:


Innate Abilities, Weirdness & Mutations

You are a hulking beast.
Your limbs bulge with bestial killing power. (Slay +0)
You have extremely sharp teeth.
When hurt, damage is shared between your health and your magic reserves.
Your bite disrupts and absorbs the magic of your enemies.
Potions cannot restore your health.


Message History

Found a stone staircase leading up.
The orc priest shouts!
You hear a shout!
A goblin comes into view. It is wielding a +0 club.
An orc wizard comes into view. It is wielding a +0 dagger.
The orc priest mumbles some strange prayers to Beogh against you.
Beogh smites you!
Ouch! That really hurt!
An orc comes into view. It is wielding a +0 dagger.
The orc shouts!
You hear a shout!
The orc wizard shouts!
You hear a shout! 2 orcs come into view.
The orc shouts! x2
You completely miss the orc wizard.
You bite the orc wizard, but do no damage.
You closely miss the orc wizard. The orc wizard misses you.
You hit the orc wizard.
The orc wizard is lightly wounded.
The orc wizard hits you but does no damage.
You hit the orc wizard.
The orc wizard is moderately wounded.
The orc wizard points at you and mumbles some strange words.
The magic dart hits you!
* * * LOW HITPOINT WARNING * * *
The goblin hits you with a +0 club.
* * * LOW HITPOINT WARNING * * *
There is an open door here.
You are too injured to fight recklessly!
You are confused.
Your system rejects the healing.
You feel invigorated. The goblin barely misses you.
The orc wizard closely misses you.
You closely miss the orc. You bite the orc. You drain its power.
The orc is severely wounded.
The goblin hits you but does no damage. The orc barely misses you.
You hit the orc but do no damage.
The orc is severely wounded.
The goblin closely misses you. The orc wizard casts a spell at you.
The puff of flame hits you!
* * * LOW HITPOINT WARNING * * *
The orc hits you with a +0 flail.
You die...

.####......# ....#......# #....#
##..+......# #....# ....#......#
#....# ...........# ##....# ##
.....#....## '....# ..##
...#.##.#.# #.o..#...'.
...#....#.# #.og.#...##
†#.######.# #h##......
.#....#.#.# #.##oo'.....<
)...#.#.†.# #....o#......
##..#.#.#########.# .....
....#.#.#..>..# #.# ....
###.#.#.#.###.# #.# ...
....#.#.#..#..# #.# ##
#####.#.##.#.####.# ########
###.....##.)..[##'########.......


You could see an orc priest, an orc wizard, 3 orcs and a goblin.

Vanquished Creatures
  An adder (D:2)
  4 orcs (D:3)
  5 endoplasms
  2 giant cockroaches
  2 goblins
  2 hobgoblins
  2 quokkas
  2 ball pythons (D:1)
  5 bats
  3 kobolds
  3 rats
31 creatures vanquished.

Notes
Turn   | Place    | Note
-------+----------+-------------------------------------------
     0 | D:1      | Ethylacetat the Vine Stalker Monk began the quest for the
                  | Orb.
     0 | D:1      | Reached XP level 1. HP: 11/11 MP: 2/2
   269 | D:1      | Reached XP level 2. HP: 16/16 MP: 3/3
   673 | D:2      | Reached XP level 3. HP: 19/20 MP: 4/4
   695 | D:2      | You fall into a shaft and drop 2 floors!
   759 | D:3      | Found a faded altar of an unknown god.
   780 | D:3      | Identified the +1 robe "Nieriet" {Dex+2}
  1160 | D:3      | Slain by an orc

Illustrated notes

Levels and vault maps discovered:
D:1:      lordsloth_arrival_two_stooges, layout_basic, minmay_misc_feat_roman,
          minmay_misc_feat_pillars, bh_walls_and_bars
D:2:      layout_loops_ring, uniq_robin
D:3:      layout_basic, basic_ecumenical_altar
D:4:      layout_cave_pools, minitemple, grunt_decor_fettered, uniq_natasha

Skill      XL: |  1  2 |
---------------+-------+-----
Fighting       | 3 |  3.2
Dodging        | |  2.8
Unarmed Combat | |  3.5
Spellcasting   | |  0.1
Shapeshifting  | |  0.3

Action                     || total
---------------------------++-------
  Melee: Unarmed           ||    92
         Bite              ||    29
    Use: Potion            ||     1
 Armour: Robe              ||     5
         Leather armour    ||     6
  Dodge: Dodged            ||    57
   Form: Beast             ||     1

Table legend: (Time is in decaauts)
 A = Elapsed time spent in this place.
 B = Non-inter-level travel time spent in this place.
 C = Inter-level travel time spent in this place.
 D = Time resting spent in this place.
 E = Time spent auto-exploring this place.
 F = Levels seen in this place.
 G = Mean time per level.
                   A        B        C        D        E       F      G
               +--------+--------+--------+--------+--------+-----+--------+
         Total |   1153 |   1128 |     25 |      0 |    918 |   4 |  288.2 |
       Dungeon |   1153 |   1128 |     25 |      0 |    918 |   4 |  288.2 |
               +--------+--------+--------+--------+--------+-----+--------+

Top non-repeatable levels by time:
     D:1: 666 daAuts
     D:3: 452 daAuts
     D:2: 24 daAuts
     D:4: 9 daAuts
